AoeStats
← Ux'La Diabla

Nomad

503750597Analyzed
4v4 RM · 1mo ago on Sep 2, 2026· 26m 58s· 8 players
Game mode
Random Map
Map size
231×231
Population
200
Speed
Normal
Resources
Standard
Victory
Conquest
Starting age
Dark Age
Ending age
Imperial Age
RankedLock teamsTeams togetherTeam positionsShared explorationLock speedFull tech treeHidden civsTurbo modeCheats
Victory
Defeat
🇻🇳 Dravidians · Vietnam
1961
+5
🇦🇷 Koreans · Argentina
1831
+9
🇻🇳 Goths · Vietnam
1756
+12
🇻🇳 Jurchens · Vietnam
1669
+16
🇵🇪 Persians · Peru
1779
-15
🇨🇱 Vietnamese · Chile
1654
-9
🇲🇽 Persians · Mexico
1623
-8
🇺🇸 Koreans · United States
1604
-8
Ux'La Diabla
3:56 Loom
13:35 Feudal Age
18:01 Castle Age
17:33 Forging
19:03 Medium Warships
22:09 Double-Bit Axe
24:24 Iron Casting
24:28 Careening
Ancalagon14
4:59 Loom
13:32 Feudal Age
14:53 Double-Bit Axe
17:18 Castle Age
16:56 Scale Mail Armor
[DH]TLACUACHE
4:13 Loom
17:18 Feudal Age
21:57 Castle Age
20:57 Double-Bit Axe
21:32 Fletching
noru
9:37 Loom
20:04 Feudal Age
25:04 Double-Bit Axe
LeHoang
4:46 Loom
11:27 Feudal Age
11:58 Town Watch
14:52 Double-Bit Axe
18:33 Fletching
19:57 Wheelbarrow
chuoi
7:30 Loom
13:09 Feudal Age
13:50 Town Watch
14:01 Double-Bit Axe
16:44 Castle Age
15:42 Forging
16:37 Fishing Lines
17:38 Medium Warships
19:33 Bow Saw
20:02 Wheelbarrow
24:08 Horse Collar
VNS_TrieuTuLong
5:09 Loom
12:44 Feudal Age
16:15 Castle Age
14:49 Stone Mining
14:59 Double-Bit Axe
16:12 Fishing Lines
17:24 Bow Saw
18:50 Fletching
22:02 Bodkin Arrow
24:17 Husbandry
24:59 Wheelbarrow
26:19 Town Watch
khungbo
6:41 Loom
9:27 Loom
11:58 Feudal Age
14:33 Double-Bit Axe
16:06 Town Watch
20:18 Forging
20:56 Scale Barding Armor
23:18 Bloodlines
Connection lost

Rejoining the realm…

Still unreachable

The connection could not be restored.

Session expired

The server has moved on; the page needs a fresh start.